 Dungeon Crawl Stone Soup version 0.29.1-14-g9c671dbff4 (console) character file.

Game seed: 10383921902147945407

4 Goreval the Sneak (level 1, -2/10 HPs)
             Began as a Kobold Enchanter on Feb 16, 2023.
             Slain by a hobgoblin (5 damage)
             ... on level 1 of the Dungeon.
             The game lasted 00:01:02 (166 turns).

Goreval the Sneak (Kobold Enchanter)                 Turns: 166, Time: 00:01:02

Health: -2/10      AC:  2    Str:  5    XL:     1   Next: 66%
Magic:  3/3        EV: 15    Int: 16    God:
Gold:   0          SH:  0    Dex: 15    Spells: 4/4 levels left

rFire   . . .      SeeInvis .   a - +1 dagger
rCold   . . .      Faith    .   (no shield)
rNeg    . . .      Spirit   .   b - +0 robe
rPois   .          Reflect  .   (no helmet)
rElec   .          Harm     .   (no cloak)
rCorr   .          Rampage  .   (no gloves)
Will    .....                   (no boots)
Stlth   ++++......              (no amulet)
HPRegen 0.03/turn               (no ring)
MPRegen 0.08/turn               (no ring)

@: no status effects
A: small, no large weapons, nightstalker 3
a: no special abilities


You were on level 1 of the Dungeon.
You visited 1 branch of the dungeon, and saw 1 of its levels.

Inventory:

Hand Weapons
 a - a +1 dagger (weapon)
Armour
 b - a +0 robe (worn)
Scrolls
 d - a scroll of fog {unknown}
Potions
 c - 2 potions of invisibility
 e - a potion of cancellation {unknown}


   Skills:
 * Level 1.6 Short Blades
 + Level 2.5 Dodging
 - Level 4.0 Stealth
 + Level 2.2 Spellcasting
 * Level 3.1 Hexes


You had 4 spell levels left.
You didn't know any spells.
Your spell library contained the following spells:

 Spells                   Type           Power      Damage    Failure   Level
 Ensorcelled Hibernation  Hex/Ice        12%        N/A       16%         2
 Confusing Touch          Hex            11%        N/A       17%         3
 Tukima's Dance           Hex            11%        N/A       17%         3
 Dazzling Flash           Conj/Hex       12%        N/A       32%         3


Dungeon Overview and Level Annotations

Branches:
Dungeon (1/15) Zot: 5834

Altars:


Innate Abilities, Weirdness & Mutations

You are small and have problems with some larger weapons.
You are completely attuned to the shadows.


Message History

There is an open door here.
A frilled lizard comes into view.
The helpless frilled lizard fails to defend itself.
You impale the frilled lizard!!
You kill the frilled lizard!
An endoplasm comes into view.
Found a stone staircase leading down.
No target in range!
No target in range!
There is a stone staircase leading down here.
The helpless endoplasm fails to defend itself.
You impale the endoplasm!!
You kill the endoplasm!
A ball python comes into view.
A ball python and a hobgoblin come into view.
The helpless ball python fails to defend itself.
You puncture the ball python!
You kill the ball python!
The ball python hisses angrily.
You see here a ball python corpse.
You don't know any spells.
Unknown command.
You don't know any spells.
Unknown command.
Okay, then.
The hobgoblin shouts!
You hit the ball python.
You kill the ball python!
You completely miss the hobgoblin. The hobgoblin hits you.
You completely miss the hobgoblin. The hobgoblin hits you.
You barely miss the hobgoblin. The hobgoblin barely misses you.
You hit the hobgoblin but do no damage. The hobgoblin completely misses you.
You barely miss the hobgoblin. The hobgoblin hits you.
You hit the hobgoblin but do no damage. The hobgoblin closely misses you.
You hit the hobgoblin. The hobgoblin hits you.
* * * LOW HITPOINT WARNING * * *
You hit the hobgoblin but do no damage. The hobgoblin barely misses you.
You hit the hobgoblin. The hobgoblin hits you.
Ouch! That really hurt!
You die...

###### .....# ######.##
........############################.
.#...................................
.#.###..########################..##
>.............................###.##
.....###########################..g##
.#.................... #P#.#@#
.#.########.....#.#### #....##
..........'.....#.# #.#.P
.#..#######.....#.# .#... .#.†#
#.....#.# #### ....# #####.....#.#
..... .....####.#.# .....
..........#.# .....######.#
#...........# #...........#
#...........# #...........# ......#
......# ......#
......#+###≈≈≈≈≈~≈≈≈≈≈≈≈
#####....##≈≈≈≈≈~≈≈≈...≈
####....##≈≈≈≈≈~≈≈.≈≈≈.
........##≈≈≈≈≈≈~>.≈≈≈≈
#####...##≈..≈≈≈≈.<~≈≈≈
#......≈≈.≈≈≈.≈≈~≈≈
##+##.≈≈≈≈...≈≈≈~≈≈ ##≈≈≈≈≈≈≈≈≈≈~≈≈
#≈≈≈8≈≈≈≈≈~≈≈8


You could see a hobgoblin.

Vanquished Creatures
  An endoplasm (D:1)
  2 ball pythons (D:1)
  A frilled lizard (D:1)
4 creatures vanquished.

Notes
Turn   | Place    | Note
-------+----------+-------------------------------------------
     0 | D:1      | Goreval the Kobold Enchanter began the quest for the Orb.
     0 | D:1      | Reached XP level 1. HP: 10/10 MP: 3/3
   166 | D:1      | Slain by a hobgoblin

Illustrated notes

Levels and vault maps discovered:
D:1:      nzn_arrival_water_spiral, layout_basic, serial_shops,
          nicolae_shop_waterfront, minmay_shallow_snake_nest

Action                   || total
-------------------------++-------
Melee: Dagger            ||    13
 Stab: Sleeping          ||     3
Dodge: Dodged            ||     4
